 Dungeon Crawl Stone Soup version 0.28.0-43-g3370ac3207 (webtiles) character file.

Game seed: 17055588674400780954

589 Ablot the Grasshopper (level 7, -5/56 HPs)
             Began as a Gnoll Warper on Mar 21, 2022.
             Killed from afar by Duvessa (12 damage)
             ... with a puff of flame
             ... on level 5 of the Dungeon.
             The game lasted 00:08:00 (5393 turns).

Ablot the Grasshopper (Gnoll Warper)                Turns: 5393, Time: 00:08:01

Health: -5/56      AC:  8    Str: 12    XL:     7   Next: 38%
Magic:  15/15      EV: 13    Int: 13    God:
Gold:   212        SH:  0    Dex: 11    Spells: 11/17 levels left

rFire   . . .      SeeInvis .   a - +0 spear
rCold   . . .      Faith    .   (no shield)
rNeg    . . .      Spirit   .   b - +0 leather armour
rPois   .          Reflect  .   (no helmet)
rElec   .          Harm     .   m - +0 cloak
rCorr   .          Rampage  .   (no gloves)
Will    .....                   (no boots)
Stlth   ++........              e - amulet of magic regeneration
HPRegen 0.18/turn               r - +4 ring of protection
MPRegen 0.54/turn               (no ring)

@: no status effects
A: fangs 1, strong nose, distributed training
a: no special abilities


You were on level 5 of the Dungeon.
You visited 2 branches of the dungeon, and saw 6 of its levels.

You collected 212 gold pieces.

Inventory:

Hand Weapons
 a - a +0 spear (weapon)
 w - a +4 dagger of holy wrath
Missiles
 d - 5 boomerangs of dispersal
 f - 123 stones
 h - 4 boomerangs
 i - 68 arrows
 p - 35 sling bullets
 u - 3 silver boomerangs
 z - 4 poisoned darts (quivered)
Armour
 b - a +0 leather armour (worn)
 m - a +0 cloak (worn)
Jewellery
 e - an amulet of magic regeneration (around neck)
 r - a +4 ring of protection (left hand)
Scrolls
 c - a scroll of blinking
 g - 2 scrolls of teleportation {unknown}
 k - 2 scrolls of silence {unknown}
 l - a scroll of enchant armour {unknown}
 o - 3 scrolls of identify {unknown}
 s - 3 scrolls of fear {unknown}
 v - a scroll of vulnerability {unknown}
 y - a scroll of holy word {unknown}
Potions
 j - 2 potions of lignification {unknown}
 n - a potion of berserk rage {unknown}
 q - 2 potions of curing {unknown}
 t - a potion of ambrosia {unknown}
 x - a potion of might


   Skills:
 + Level 5.2 Fighting
 + Level 2.4 Short Blades
 + Level 2.4 Long Blades
 + Level 2.4 Axes
 + Level 2.4 Maces & Flails
 + Level 5.2 Polearms
 + Level 2.4 Staves
 + Level 2.4 Slings
 + Level 2.4 Bows
 + Level 2.4 Crossbows
 + Level 3.6 Throwing
 + Level 3.6 Armour
 + Level 5.2 Dodging
 + Level 2.4 Stealth
 + Level 2.4 Shields
 + Level 2.4 Unarmed Combat
 + Level 5.6 Spellcasting
 + Level 2.0 Conjurations
 + Level 2.0 Hexes
 + Level 2.0 Summonings
 + Level 2.0 Necromancy
 + Level 5.8 Translocations
 + Level 2.0 Transmutations
 + Level 2.0 Fire Magic
 + Level 2.0 Ice Magic
 + Level 2.0 Air Magic
 + Level 2.0 Earth Magic
 + Level 2.0 Poison Magic
 + Level 2.7 Invocations
 + Level 2.4 Evocations


You had 11 spell levels left.
You knew the following spells:

 Your Spells              Type           Power      Damage    Failure   Level
a - Blink                 Tloc           36%        N/A       3%          2
b - Poisonous Vapours     Pois/Air       16%        N/A       14%         2
c - Wereblood             Tmut           8%         N/A       14%         2

Your spell library contained the following spells:

 Spells                   Type           Power      Damage    Failure   Level
 Gell's Gravitas          Tloc           18%        N/A       6%          3
 Lesser Beckoning         Tloc           18%        N/A       6%          3
 Teleport Other           Tloc           18%        N/A       6%          3
 Magic Dart               Conj           32%        1d4       10%         1
 Corpse Rot               Necr/Air       16%        N/A       14%         2
 Searing Ray              Conj           16%        2d5       14%         2
 Sublimation of Blood     Necr           8%         N/A       14%         2
 Manifold Assault         Tloc           18%        N/A       50%         5
 Fulminant Prism          Conj/Hex       4%         3d6       67%         4
 Summon Hydra             Summ           4%         N/A       100%        7


Dungeon Overview and Level Annotations

Branches:
Dungeon (5/15)             Temple (1/1) D:5

Altars:
Ashenzari
Cheibriados
Dithmenos
Fedhas
Gozag
Hepliaklqana
Kikubaaqudgha
Makhleb
Qazlal
Ru
Sif Muna
Trog
Uskayaw
Vehumet
Wu Jian
Xom
Zin
The Shining One

Annotations:
D:5 Dowan, Duvessa


Innate Abilities, Weirdness & Mutations

You have very sharp teeth.
Your uncanny sense of smell can sniff out nearby items.
Your experience applies equally to all skills.


Message History

The ufetubus hits you. The ufetubus closely misses you.
The ufetubus barely misses you. The ufetubus hits you.
You barely miss the ufetubus.
The ufetubus is severely wounded.
The ufetubus misses you. x2
You miss the ufetubus. You punch the ufetubus.
You kill the ufetubus!
Duvessa zaps a wand.
The puff of flame hits you.
Unknown command.
Casting: Blink (safe; 3% risk of failure)
Confirm with . or Enter, or press ? or * to list all spells.
You blink. 2 orcs come into view.
The orc shouts! x2
Duvessa hits you with a +0 short sword! The orc closely misses you.
Dowan hits you but does no damage.
An orc comes into view. It is wielding a +0 short sword.
The orc closely misses you.
There is an open door here.
You feel stable enough to blink again.
Duvessa zaps a wand.
The puff of flame hits you!
Duvessa zaps a wand.
The puff of flame hits you!
Dowan generates a fountain of clear water, and laughs cruelly.
Dowan gestures wildly while chanting.
Dowan blinks!
Duvessa says, "When magic and the sword combine, nothing stands against them."
Duvessa zaps a wand.
The puff of flame hits you.
Duvessa zaps a wand.
The puff of flame hits you!
* * * LOW HITPOINT WARNING * * *
Duvessa zaps a wand.
The puff of flame hits you.
* * * LOW HITPOINT WARNING * * *
Dowan mumbles some strange words.
Dowan blinks!
Found a scroll labelled GIANTI BEKLANN.
Duvessa zaps a wand.
The puff of flame misses you.
Duvessa zaps a wand.
The puff of flame hits you.
* * * LOW HITPOINT WARNING * * *
Duvessa gestures with her weapon.
Duvessa zaps a wand.
The puff of flame hits you!
You die...

...................
#.#..................
..#...##.#.e......... #
..........o.........
#.######...##..#..........
...........#..............
...(......................
..........................
.$.......@................
.......<..................
.o........................
..........................
##...............#........
##..$.....................
#....$.<........###.#.....
#...........##... ........
#...........# .##....


You could see Duvessa and an orc.

Vanquished Creatures
  Eustachio (D:5)
  A phantom (D:5)
  A centaur zombie (D:5)
  2 hounds (D:5)
  A centaur skeleton (D:4)
  Terence (D:2)
  Natasha (thrice) (D:3)
  A hound zombie (D:5)
  A hound skeleton (D:4)
  A howler monkey zombie (D:5)
  4 adders
  An ufetubus (D:5)
  3 worms
  8 orcs
  3 bats
  8 endoplasms
  5 giant cockroaches
  10 hobgoblins
  4 jackals (D:1)
  4 kobolds
  3 quokkas
  6 ball pythons
  4 frilled lizards
  3 goblins
  4 rats
83 creatures vanquished.

Notes
Turn   | Place    | Note
-------+----------+-------------------------------------------
     0 | D:1      | Ablot the Gnoll Warper began the quest for the Orb.
     0 | D:1      | Reached XP level 1. HP: 20/20 MP: 6/6
   164 | D:1      | Reached XP level 2. HP: 12/26 MP: 7/7
   171 | D:1      | Learned a level 2 spell: Blink
   597 | D:1      | Found a faded altar of an unknown god.
   905 | D:1      | Reached XP level 3. HP: 25/31 MP: 9/9
  1069 | D:2      | Reached skill level 5 in Spellcasting
  1266 | D:2      | Reached skill level 1 in Invocations
  1548 | D:2      | Noticed Terence
  1602 | D:2      | Killed Terence
  1603 | D:2      | Reached skill level 1 in Short Blades
  1603 | D:2      | Reached skill level 1 in Long Blades
  1603 | D:2      | Reached skill level 1 in Axes
  1603 | D:2      | Reached skill level 1 in Maces & Flails
  1603 | D:2      | Reached skill level 1 in Staves
  1603 | D:2      | Reached skill level 1 in Slings
  1603 | D:2      | Reached skill level 1 in Bows
  1603 | D:2      | Reached skill level 1 in Crossbows
  1603 | D:2      | Reached skill level 1 in Stealth
  1603 | D:2      | Reached skill level 1 in Shields
  1603 | D:2      | Reached skill level 1 in Unarmed Combat
  1603 | D:2      | Reached skill level 1 in Evocations
  1603 | D:2      | Reached XP level 4. HP: 4/38 MP: 11/11
  2217 | D:3      | Noticed Natasha
  2229 | D:3      | Killed Natasha
  2230 | D:3      | Reached skill level 1 in Conjurations
  2230 | D:3      | Reached skill level 1 in Hexes
  2230 | D:3      | Reached skill level 1 in Summonings
  2230 | D:3      | Reached skill level 1 in Necromancy
  2230 | D:3      | Reached skill level 1 in Transmutations
  2230 | D:3      | Reached skill level 1 in Fire Magic
  2230 | D:3      | Reached skill level 1 in Ice Magic
  2230 | D:3      | Reached skill level 1 in Air Magic
  2230 | D:3      | Reached skill level 1 in Earth Magic
  2230 | D:3      | Reached skill level 1 in Poison Magic
  2381 | D:3      | Reached XP level 5. HP: 43/43 MP: 12/12
  2665 | D:3      | Noticed Natasha
  2687 | D:3      | Killed Natasha
  3210 | D:3      | Noticed Natasha
  3231 | D:3      | Killed Natasha
  3844 | D:4      | Reached XP level 6. HP: 44/50 MP: 13/13
  4548 | D:5      | Entered Level 5 of the Dungeon
  4548 | D:5      | Noticed Duvessa
  4548 | D:5      | Noticed Dowan
  4707 | D:5      | Reached skill level 5 in Fighting
  4707 | D:5      | Reached skill level 5 in Polearms
  4707 | D:5      | Reached skill level 5 in Dodging
  4747 | D:5      | Noticed Eustachio
  4784 | D:5      | Killed Eustachio
  4820 | D:5      | Reached XP level 7. HP: 24/56 MP: 15/15
  5318 | D:5      | Found a staircase to the Ecumenical Temple.
  5326 | Temple   | Entered the Ecumenical Temple
  5330 | Temple   | Learned a level 2 spell: Poisonous Vapours
  5333 | Temple   | Learned a level 2 spell: Wereblood
  5393 | D:5      | Killed from afar by Duvessa

Illustrated notes

Levels and vault maps discovered:
D:1:      dpeg_arrival_chambers_temple_mockup, layout_basic,
          dreamdust_ecumenical_altar_grove, minmay_misc_feat_rugged,
          minmay_misc_feat_square
D:2:      layout_rooms, uniq_terence
D:3:      layout_basic, minmay_large_rounded_square, uniq_natasha
D:4:      layout_loops_corners
D:5:      layout_rooms, minmay_temple_entry_glassed_door, uniq_eustachio,
          uniq_duvessa
Temple:   nicolae_temple_no_exploring_needed

Skill      XL: |  1  2  3  4  5  6  7 |
---------------+----------------------+-----
Spellcasting   | 5 |  5.6
Invocations    | 1 2 |  2.7
Short Blades   | 1 2 |  2.4
Long Blades    | 1 2 |  2.4
Axes           | 1 2 |  2.4
Maces & Flails | 1 2 |  2.4
Staves         | 1 2 |  2.4
Slings         | 1 2 |  2.4
Bows           | 1 2 |  2.4
Crossbows      | 1 2 |  2.4
Stealth        | 1 2 |  2.4
Shields        | 1 2 |  2.4
Unarmed Combat | 1 2 |  2.4
Evocations     | 1 2 |  2.4
Conjurations   | 1 2 |  2.0
Hexes          | 1 2 |  2.0
Summonings     | 1 2 |  2.0
Necromancy     | 1 2 |  2.0
Transmutations | 1 2 |  2.0
Fire Magic     | 1 2 |  2.0
Ice Magic      | 1 2 |  2.0
Air Magic      | 1 2 |  2.0
Earth Magic    | 1 2 |  2.0
Poison Magic   | 1 2 |  2.0
Throwing       | 3 |  3.6
Armour         | 3 |  3.6
Fighting       | 5 |  5.2
Polearms       | 5 |  5.2
Dodging        | 5 |  5.2
Translocations | |  5.8

Action                   |  1- 3 |  4- 6 |  7- 9 || total
-------------------------+-------+-------+-------++-------
Melee: Spear             |   132 |   278 |    74 ||   484
       Bite              |    10 |    18 |     4 ||    32
       Punch             |       |     8 |     4 ||    12
Throw: Boomerang         |    12 |     2 |       ||    14
       Dart              |       |     6 |       ||     6
 Cast: Blink             |     4 |     1 |     1 ||     6
 Stab: Sleeping          |     1 |     3 |       ||     4
Armor: Leather armour    |    22 |    80 |    23 ||   125
Dodge: Dodged            |    53 |   165 |    47 ||   265
